 Dungeon Crawl Stone Soup version 0.30-a0-630-g881e3bac89 (console) character file.

Game seed: 14316821257040699159

45 Ignak the Stinger (level 3, 0/22 HPs)
             Began as an Octopode Venom Mage on Jan 13, 2023.
             Slain by an orc
             ... wielding a +0 short sword
              (4 damage)
             ... on level 3 of the Dungeon.
             The game lasted 00:03:10 (1429 turns).

Ignak the Stinger (Octopode Venom Mage)             Turns: 1429, Time: 00:03:11

Health: 0/22       AC:  1    Str:  7    XL:     3   Next: 64%
Magic:  4/6        EV: 13    Int: 19    God:
Gold:   62         SH:  0    Dex: 12    Spells: 5/6 levels left

rFire   . . .      SeeInvis .    c - +0 short sword
rCold   . . .      Faith    .    (no shield)
rNeg    . . .      Spirit   .    (helmet restricted)
rPois   .          Reflect  .    (no amulet)
rElec   .          Harm     .    (no ring)
rCorr   .          Rampage  .    (no ring)
Will    .....                    (no ring)
Stlth   +++                      (no ring)
HPRegen 0.23/turn                (no ring)
MPRegen 0.10/turn                (no ring)
                                 (no ring)
                                 (no ring)

@: no status effects
A: almost no armour, amphibious, 8 rings, camouflage 1, gelatinous body 1,
(nimble swimmer 1), tentacles
a: no special abilities


You were on level 3 of the Dungeon.
You visited 1 branch of the dungeon, and saw 4 of its levels.

You collected 62 gold pieces.

Inventory:

Hand Weapons
 c - a +0 short sword (weapon)
Potions
 b - a potion of haste {unknown}
 d - a potion of resistance {unknown}
 e - a potion of brilliance {unknown}
 f - a potion of mutation {unknown}
 g - a potion of cancellation {unknown}


   Skills:
 + Level 0.7 Fighting
 * Level 2.6 Dodging
 + Level 3.0 Stealth
 + Level 0.5 Unarmed Combat
 + Level 2.2 Spellcasting
 + Level 1.3 Transmutations
 * Level 4.1 Poison Magic


You had 5 spell levels left.
You knew the following spells:

 Your Spells              Type           Power      Damage    Failure   Level
a - Sting                 Tmut/Pois      48%        1d5       5%          1

Your spell library contained the following spells:

 Spells                   Type           Power      Damage    Failure   Level
 Poisonous Vapours        Pois/Air       18%        N/A       11%         2
 Mephitic Cloud           Conj/Pois/Air  7%         N/A       28%         3
 Olgreb's Toxic Radiance  Pois           17%        N/A       30%         4


Dungeon Overview and Level Annotations

Branches:
Dungeon (4/15)
 Temple: D:4-7

Altars:


Innate Abilities, Weirdness & Mutations

You cannot wear most types of armour.
You are amphibious.
You can wear up to eight rings at the same time.
Your skin changes colour to match your surroundings (Stealth+).
Your rubbery body absorbs attacks. (AC +1, EV +1)
((You are camouflaged when in or above water. (Stealth+)))
You have tentacles for arms and can constrict up to eight enemies at once.


Message History

Aiming: Sting (safe; 5% risk of failure)
Press: ? - help, Shift-Dir - straight line, f - orc
Aim: an orc, wielding a +0 club and wearing a +0 leather armour (71% to hit)
The sting hits the orc but does no damage.
The orc is poisoned.
The orc misses you.
Casting: Sting (safe; 5% risk of failure)
Confirm with . or Enter, or press ? or * to list all spells.
Aiming: Sting (safe; 5% risk of failure)
Press: ? - help, Shift-Dir - straight line, f/p - orc
Aim: an orc, wielding a +0 club and wearing a +0 leather armour (poisoned, 71% to hit)
The sting hits the orc.
The orc looks even sicker.
The orc is heavily wounded.
The orc hits you with a +0 club.
You hit the orc but do no damage. Your grab misses the orc.
The orc is heavily wounded.
The orc hits you with a +0 club.
You hit the orc.
You kill the orc!
Casting: Sting (safe; 5% risk of failure)
Confirm with . or Enter, or press ? or * to list all spells.
You don't have enough magic to cast this spell.
Unknown command.
The orc attacks as you move away! The orc hits you with a +0 short sword.
Magic courses through your body. The orc closely misses you.
Casting: Sting (safe; 5% risk of failure)
Confirm with . or Enter, or press ? or * to list all spells.
Aiming: Sting (safe; 5% risk of failure)
Press: ? - help, Shift-Dir - straight line, f - orc
Aim: an orc, wielding a +0 short sword (71% to hit)
The sting hits the orc.
The orc is poisoned.
The orc is heavily wounded.
The orc hits you with a +0 short sword.
* * * LOW HITPOINT WARNING * * *
Casting: Sting (safe; 5% risk of failure)
Confirm with . or Enter, or press ? or * to list all spells.
Aiming: Sting (safe; 5% risk of failure)
Press: ? - help, Shift-Dir - straight line, f/p - orc
Aim: an orc, wielding a +0 short sword (severely wounded, poisoned, 71% to hit)
The sting misses the orc.
The orc hits you with a +0 short sword.
You die...

#..(..# #.....#
########.>...#
#............######
###
#####.............###
#.. ####(....####..(#
#.. #.....####.###
#.. #.....##...# #..
####@.###..#.# #..
#))o.## #.##.# #..
#.#### #.. #.## #..
#.# #. #..# #.. #.)#
# ##.#####.† #.##
#.....##.† #.
#.....##.. ..
#........# ...
#......###


You could see an orc (poisoned).

Vanquished Creatures
  An adder (D:3)
  A worm (D:2)
  3 orcs (D:3)
  3 bats
  3 endoplasms
  4 goblins (D:1)
  2 hobgoblins (D:1)
  6 kobolds
  2 ball pythons (D:1)
  4 rats
29 creatures vanquished.

Notes
Turn   | Place    | Note
-------+----------+-------------------------------------------
     0 | D:1      | Ignak the Octopode Venom Mage began the quest for the Orb.
     0 | D:1      | Reached XP level 1. HP: 11/11 MP: 3/3
   196 | D:1      | Reached XP level 2. HP: 17/17 MP: 0/5
   761 | D:1      | Reached skill level 4 in Poison Magic
  1132 | D:2      | Reached XP level 3. HP: 18/22 MP: 0/6
  1296 | D:2      | You fall into a shaft and drop 2 floors!
  1429 | D:3      | Slain by an orc

Illustrated notes

Levels and vault maps discovered:
D:1:      erik_arrival_blinker_ship, layout_basic, corexii_corridor_pit,
          st_stairs_5, hangedman_decor_peaks_small
D:2:      layout_loops_ring, uniq_sigmund, uniq_robin
D:3:      layout_rooms
D:4:      layout_loops_cross

Skill      XL: |  1  2 |
---------------+-------+-----
Poison Magic   | 4 |  4.1
Stealth        | 3 |  3.0
Fighting       | |  0.7
Dodging        | |  2.6
Unarmed Combat | |  0.5
Spellcasting   | |  2.2
Transmutations | |  1.3

Action                   || total
-------------------------++-------
Melee: Unarmed           ||     6
       Tentacles         ||     2
       Short sword       ||    19
       Constrict         ||     4
 Cast: Sting             ||    49
  Use: Potion            ||     1
 Stab: Sleeping          ||     5
Armor: Skin              ||     6
Dodge: Dodged            ||    22

Table legend: (Time is in decaauts)
 A = Elapsed time spent in this place.
 B = Non-inter-level travel time spent in this place.
 C = Inter-level travel time spent in this place.
 D = Time resting spent in this place.
 E = Time spent auto-exploring this place.
 F = Levels seen in this place.
 G = Mean time per level.
                   A        B        C        D        E       F      G
               +--------+--------+--------+--------+--------+-----+--------+
         Total |   1428 |   1428 |      0 |     41 |    995 |   4 |  357.0 |
       Dungeon |   1428 |   1428 |      0 |     41 |    995 |   4 |  357.0 |
               +--------+--------+--------+--------+--------+-----+--------+

Top non-repeatable levels by time:
     D:1: 1110 daAuts
     D:2: 186 daAuts
     D:3: 112 daAuts
     D:4: 19 daAuts
